 Dungeon Crawl Stone Soup version 0.25-a0-41-g6cf4ce5 (webtiles) character file.

Game seed: 6923655147790499698, levelgen mode: deterministic

64712 n00bie the Fencer (level 14, -1/130 HPs)
             Began as a Minotaur Berserker on Oct 11, 2019.
             Was the Champion of Trog.
             Splashed by an acid blob's acid (8 damage)
             ... on level 1 of the Pits of Slime on Oct 22, 2019.
             The game lasted 01:36:07 (14355 turns).

n00bie the Fencer (Minotaur Berserker)             Turns: 14355, Time: 01:36:07

Health: -1/130     AC: 21    Str: 25    XL:     14   Next: 72%
Magic:  13/13      EV: 15    Int:  4    God:    Trog [******]
Gold:   1060       SH: 19    Dex: 12    Spells: 13/13 levels left

rFire    . . .     SeeInvis .   L - +7 demon blade (drain)
rCold    . . .     Gourm    .   e - +5 shield
rNeg     + . .     Faith    .   C - +6 scale mail {rN+}
rPois    .         Spirit   .   (helmet restricted)
rElec    .         Reflect  .   J - +2 cloak
rCorr    +         Harm     .   P - +0 pair of gloves
MR       +....                  M - +0 pair of boots
Stlth    ..........             r - amulet of regeneration
HPRegen  0.00/turn              K - ring of resist corrosion
MPRegen  0.13/turn              H - +2 ring of strength

@: no status effects
A: retaliatory headbutt, horns 2, clumsy 1, inhibited regeneration
a: Berserk, Trog's Hand, Brothers in Arms, Renounce Religion


You were on level 1 of the Pits of Slime.
You worshipped Trog.
Trog was exalted by your worship.
You were not hungry.

You visited 4 branches of the dungeon, and saw 19 of its levels.
You also visited: Ossuary.

You collected 1262 gold pieces.
You spent 202 gold pieces at shops.

Inventory:

Hand Weapons
 I - a +4 scimitar of flaming
 L - a +7 demon blade of draining (weapon)
Armour
 e - a +5 shield (worn)
 C - a +6 scale mail of positive energy (worn)
 G - a +1 plate armour of fire resistance
 J - a +2 cloak (worn)
 M - a +0 pair of boots (worn)
 P - a +0 pair of gloves (worn)
Jewellery
 r - an amulet of regeneration (around neck)
 y - an uncursed ring of protection from fire
 H - a +2 ring of strength (right hand)
 K - a ring of resist corrosion (left hand)
Wands
 j - a wand of acid (14)
Scrolls
 a - a scroll of silence {unknown}
 d - a scroll of acquirement {unknown}
 h - 6 scrolls of teleportation
 k - 2 scrolls of blinking {unknown}
 l - a scroll of identify
 p - a scroll of random uselessness {unknown}
 q - 5 scrolls of magic mapping
 s - 4 scrolls of fear
 u - 2 scrolls of fog
 v - 8 scrolls of remove curse
 D - a scroll of vulnerability {unknown}
 E - a scroll of brand weapon {unknown}
 F - 2 scrolls of immolation {unknown}
Potions
 b - a potion of resistance
 f - 5 potions of mutation {unknown}
 g - 5 potions of flight {unknown}
 i - 3 potions of ambrosia {unknown}
 m - 3 potions of magic {unknown}
 n - 2 potions of might
 o - 9 potions of curing
 t - 4 potions of berserk rage {unknown}
 w - 2 potions of haste {unknown}
 x - 5 potions of degeneration {unknown}
 z - 6 potions of heal wounds {unknown}
 A - 2 potions of agility {unknown}
 B - 5 potions of lignification {unknown}
 N - a potion of cancellation {unknown}
Comestibles
 c - 39 rations


   Skills:
 + Level 13.7 Fighting
 + Level 16.6 Long Blades
 + Level 11.8 Armour
 + Level 9.4 Dodging
 + Level 16.0 Shields


You had 13 spell levels left.
You didn't know any spells.
Your spell library was empty.

Dungeon Overview and Level Annotations

Branches:
Dungeon (11/15)            Temple (1/1) D:4            Lair (6/6) D:11
  Swamp (0/4) Lair:2       Spider (0/4) Lair:3        Slime (1/5) Lair:5
Ossuary (visited)
    Orc: D:9-12

Altars:
Ashenzari
Cheibriados
Dithmenos
Elyvilon
Fedhas
Gozag
Hepliaklqana
Kikubaaqudgha
Makhleb
Nemelex Xobeh
Okawaru
Qazlal
Ru
Sif Muna
Trog
Uskayaw
Vehumet
Wu Jian
Xom
Yredelemnul
Zin
The Shining One

Shops:
D:5 [

Annotations:
D:6 1 exclusion


Innate Abilities, Weirdness & Mutations

You reflexively headbutt those who attack you in melee.
You have a pair of horns on your head.
You are clumsy. (Dex -2)
You do not regenerate when monsters are visible.


Message History

You headbutt the slime creature.
A slime creature comes into view.
You block the enormous slime creature's attack.
The slime creature hits you but does no damage. x2
Two slime creatures merge to form a titanic slime creature.
Your surroundings suddenly seem different.
An acid blob comes into view.
The acid blob jiggles.
The acid blob spits acid at you.
The splash of acid hits you but does no damage.
You are splashed with acid.
You resist.
* * * LOW HITPOINT WARNING * * *
You are splashed with acid.
You resist.
* * * LOW HITPOINT WARNING * * *
You are splashed with acid.
You resist.
* * * LOW HITPOINT WARNING * * *
The acid blob spits acid at you.
The splash of acid hits you but does no damage.
You are splashed with acid!
You resist.
You die...

#..........#.......
#...............J.##
##.....#...........#
##....##.#.......#
###.#####.....#
#.####......##
...........##
#.........##
.......@##.#
...............
.........#.#...
..........###.#
.........## ##
.......### .....##
.....


You could see an acid blob.

Vanquished Creatures
  An acid blob (Slime:1)
  2 azure jellies (Slime:1)
  The ghost of Lohud the Infuser, a journeyman MfSk of Ashenzari (Lair:3)
  The ghost of Beaplum the Geomancer, a journeyman SpEE of Ashenzari (Lair:2)
  A centaur warrior (D:8)
  6 hydras
  4 catoblepae
  14 death yaks
  Sonja (Lair:6)
  Pikel (D:8)
  3 ugly things (D:11)
  3 manticores
  5 oklob plants
  A shining eye (Slime:1)
  12 elephants
  A torpor snail (Lair:4)
  4 black mambas
  15 spiny frogs
  5 rime drakes
  6 komodo dragons
  A meliai (Lair:3)
  A queen bee (Lair:3)
  A polar bear (Lair:3)
  4 hornets
  Grinder (D:3)
  11 blink frogs
  2 slime creatures (Slime:1)
  Prince Ribbit (D:9)
  A bog body (Lair:2)
  4 hippogriffs
  A wraith (D:7)
  39 yaks
  2 wyverns
  3 basilisks
  4 vampire mosquitoes (D:11)
  Grum (D:9)
  A swamp worm (Lair:2)
  Duvessa (D:6)
  12 water moccasins
  8 porcupines
  A floating eye (D:11)
  5 orc warriors
  An ice beast (D:8)
  2 sky beasts
  6 ogres
  4 phantoms
  3 black bears
  An eye of draining (D:9)
  19 wolves
  A necrophage (D:7)
  4 centaurs
  8 crocodiles
  2 big kobolds (D:8)
  11 bullfrogs
  Blork the orc (D:6)
  A water moccasin zombie (Ossuary)
  Dowan (D:6)
  4 scorpions
  17 killer bees
  5 wights
  4 howler monkeys
  A troll skeleton (D:7)
  4 electric eels
  4 bullfrog zombies
  2 centaur zombies (Ossuary)
  4 crimson imps
  3 human zombies (D:7)
  2 bullfrog skeletons
  A hound (D:5)
  2 orc priests (D:11)
  2 centaur skeletons
  8 orc wizards
  A human skeleton (D:7)
  An iguana (D:5)
  Natasha (thrice) (D:2)
  6 worker ants
  A killer bee zombie (Ossuary)
  An ogre zombie (D:7)
  2 hound zombies (Ossuary)
  16 mummies
  4 worker ant zombies
  8 adders
  A shadow imp (D:5)
  An ooze (D:1)
  2 adder zombies (Ossuary)
  An adder skeleton (D:4)
  4 dart slugs
  3 leopard geckos
  33 orcs
  A ball python (D:4)
  6 bats
  4 giant cockroaches
  3 goblins
  5 hobgoblins
  6 jackals
  9 kobolds
  2 quokkas
  5 frilled lizards
  A giant cockroach zombie (Ossuary)
  A jackal zombie (D:5)
  A leopard gecko zombie (D:7)
  2 quokka skeletons
  5 rats
  A butterfly (Lair:6)
  A plant (D:11)
461 creatures vanquished.

Vanquished Creatures (collateral kills)
  Erica (Lair:1)
  3 oklob plants (D:11)
  2 blink frogs (Lair:1)
  A water moccasin (Lair:1)
  A crocodile (Lair:1)
  An orc priest (D:10)
  An orc wizard (D:10)
  An orc (D:10)
  A fungus (Lair:1)
  A plant (Lair:1)
13 creatures vanquished.

Vanquished Creatures (others)
  6 fungi
  3 plants
  A withered plant (Ossuary)
10 creatures vanquished.

Grand Total: 484 creatures vanquished

Notes
Turn   | Place    | Note
-------+----------+-------------------------------------------
     0 | D:1      | n00bie the Minotaur Berserker began the quest for the Orb.
     0 | D:1      | Reached XP level 1. HP: 19/19 MP: 0/0
   121 | D:1      | Reached XP level 2. HP: 17/27 MP: 1/1
   418 | D:1      | Reached XP level 3. HP: 27/33 MP: 2/2
   631 | D:2      | Noticed Natasha
   639 | D:2      | Killed Natasha
   655 | D:2      | Noticed Natasha
   665 | D:2      | Killed Natasha
   665 | D:2      | Reached XP level 4. HP: 26/41 MP: 3/3
   668 | D:2      | Noticed Natasha
   675 | D:2      | Killed Natasha
   675 | D:2      | Reached skill level 5 in Long Blades
   784 | D:2      | Reached ** piety under Trog
  1081 | D:3      | Reached skill level 5 in Fighting
  1103 | D:3      | Reached XP level 5. HP: 48/48 MP: 4/4
  1363 | D:3      | Noticed Grinder
  1368 | D:3      | Killed Grinder
  1368 | D:3      | Reached XP level 6. HP: 51/56 MP: 5/5
  1414 | D:3      | Found an ornate altar of the Wu Jian Council.
  1590 | D:3      | Found an iron altar of Okawaru.
  1681 | D:4      | Upgraded the game from 0.24-a0-813-g0f74319 to
                  | 0.24-b1-1-gac51ba0
  1771 | D:4      | Found a staircase to the Ecumenical Temple.
  1795 | Temple   | Entered the Ecumenical Temple
  1904 | D:4      | Reached XP level 7. HP: 43/61 MP: 6/6
  2046 | D:4      | Reached *** piety under Trog
  2114 | D:4      | Found a hazy altar of Hepliaklqana.
  2210 | D:4      | Found a shattered altar of Ashenzari.
  2346 | D:5      | Entered Level 5 of the Dungeon
  2437 | D:5      | Found an opulent altar of Gozag.
  2462 | D:5      | Reached skill level 5 in Armour
  2539 | D:5      | Found Rarr's Antique Armour Boutique.
  2547 | D:5      | Bought a runed shield for 202 gold pieces
  2568 | D:5      | Reached skill level 1 in Shields
  3411 | D:6      | Noticed Blork the orc
  3422 | D:6      | Killed Blork the orc
  3422 | D:6      | Reached XP level 8. HP: 70/70 MP: 7/7
  3494 | D:6      | Noticed Dowan
  3504 | D:6      | Killed Dowan
  3516 | D:6      | Noticed Duvessa
  3548 | D:6      | Killed Duvessa
  3967 | D:7      | Reached **** piety under Trog
  4027 | D:7      | Noticed a manticore
  4038 | D:7      | Killed a manticore
  4038 | D:7      | Reached skill level 5 in Shields
  4038 | D:7      | Reached XP level 9. HP: 79/79 MP: 8/8
  4110 | D:7      | Found an ancient bone altar of Kikubaaqudgha.
  4195 | D:7      | Reached skill level 10 in Long Blades
  4521 | D:7      | Found a radiant altar of Vehumet.
  4738 | D:8      | Reached skill level 5 in Dodging
  4741 | D:8      | Paralysed by a hornet for 3 turns
  4903 | D:8      | Noticed a centaur warrior
  4912 | D:8      | Reached XP level 10. HP: 88/88 MP: 9/9
  4929 | D:8      | Killed a centaur warrior
  5010 | D:8      | Reached ***** piety under Trog
  5079 | D:8      | Found a sand-covered staircase.
  5089 | Ossuary  | Entered an ossuary
  5733 | D:8      | Noticed Pikel
  5748 | D:8      | Killed Pikel
  6272 | D:9      | Noticed Grum
  6283 | D:9      | Killed Grum
  6554 | D:9      | Found a burning altar of Makhleb.
  6554 | D:9      | Found a glowing golden altar of the Shining One.
  6586 | D:9      | Noticed Prince Ribbit
  6599 | D:9      | Killed Prince Ribbit
  6634 | D:9      | Got a translucent falchion
  6635 | D:9      | Identified the +8 falchion "Yrchiawko" {slice, MR+ Str+3}
                  | (You found it on level 9 of the Dungeon)
  6865 | D:10     | Entered Level 10 of the Dungeon
  6949 | D:10     | Reached XP level 11. HP: 97/97 MP: 10/10
  7491 | D:11     | Noticed a cyan ugly thing
  7562 | D:11     | Noticed a red ugly thing
  7563 | D:11     | Reached skill level 10 in Shields
  7567 | D:11     | Noticed a green ugly thing
  7569 | D:11     | Killed a cyan ugly thing
  7577 | D:11     | Killed a red ugly thing
  7583 | D:11     | Killed a green ugly thing
  7682 | D:11     | Paralysed by a floating eye for 4 turns
  7696 | D:11     | Noticed an oklob plant
  7716 | D:11     | Found a staircase to the Lair.
  7719 | D:11     | Noticed an oklob plant
  7726 | D:11     | Killed an oklob plant
  7959 | D:11     | Noticed an oklob plant
  7967 | D:11     | Noticed an oklob plant
  7969 | D:11     | Killed an oklob plant
  7971 | D:11     | Killed an oklob plant
  7973 | D:11     | Killed an oklob plant
  8031 | Lair:1   | Entered Level 1 of the Lair of Beasts
  8078 | Lair:1   | Noticed Erica
  8084 | Lair:1   | Killed Erica
  8084 | Lair:1   | Received a gift from Trog
  8530 | Lair:1   | Reached XP level 12. HP: 106/106 MP: 11/11
  9124 | Lair:2   | Found a runed translucent gate.
  9124 | Lair:2   | Found a runed translucent gate.
  9125 | Lair:2   | Found a runed translucent gate.
  9125 | Lair:2   | Noticed Beaplum's ghost (journeyman SpEE)
  9145 | Lair:2   | Reached skill level 10 in Fighting
  9159 | Lair:2   | Killed Beaplum's ghost
  9288 | Lair:2   | Noticed a six-headed hydra
  9291 | Lair:2   | Killed a four-headed hydra
  9346 | Lair:2   | Reached skill level 10 in Armour
  9360 | Lair:2   | Upgraded the game from 0.24-b1-1-gac51ba0 to
                  | 0.25-a0-41-g6cf4ce5
  9526 | Lair:2   | Found a staircase to the Swamp.
 10019 | Lair:3   | Noticed a four-headed hydra
 10026 | Lair:3   | Killed a one-headed hydra
 10164 | Lair:3   | Found a transporter.
 10165 | Lair:3   | Noticed a five-headed hydra
 10166 | Lair:3   | Found a transporter.
 10166 | Lair:3   | Noticed Lohud's ghost (journeyman MfSk)
 10174 | Lair:3   | Killed a two-headed hydra
 10253 | Lair:3   | Killed Lohud's ghost
 10443 | Lair:3   | Found a hole to the Spider Nest.
 10970 | Lair:4   | Reached XP level 13. HP: 116/116 MP: 12/12
 10996 | Lair:4   | Reached skill level 15 in Long Blades
 11331 | Lair:4   | Reached ****** piety under Trog
 11660 | Lair:4   | Received a gift from Trog
 12131 | Lair:5   | You fall into a shaft and drop 1 floor!
 12131 | Lair:6   | Entered Level 6 of the Lair of Beasts
 12853 | Lair:5   | You fall into a shaft and drop 1 floor!
 12861 | Lair:6   | Found a basalt altar of Yredelemnul.
 12874 | Lair:6   | Reached XP level 14. HP: 106/127 MP: 13/13
 13015 | Lair:5   | Reached skill level 15 in Shields
 13031 | Lair:5   | Found a staircase to the Slime Pits.
 13298 | Lair:6   | Noticed Sonja
 13303 | Lair:6   | Killed Sonja
 13325 | Lair:6   | Received a gift from Trog
 14300 | Slime:1  | Entered Level 1 of the Pits of Slime
 14300 | Slime:1  | Noticed an acid blob
 14300 | Slime:1  | Noticed an azure jelly
 14302 | Slime:1  | Gained mutation: You are clumsy. (Dex -2) [a shining eye]
 14304 | Slime:1  | Noticed an azure jelly
 14306 | Slime:1  | Killed an acid blob
 14315 | Slime:1  | Killed an azure jelly
 14320 | Slime:1  | Killed an azure jelly
 14335 | Slime:1  | Gained mutation: You do not regenerate when monsters are
                  | visible. [a shining eye]
 14351 | Slime:1  | Noticed an acid blob
 14355 | Slime:1  | Splashed by an acid blob's acid

Levels and vault maps discovered:
D:1:      ebering_trefoil_3fold, layout_rooms, hangedman_decor_diamond_cutter,
          nrook_loot_triangle
D:2:      layout_loops_ring, kennysheep_pointless_box, lemuel_old_faithful,
          uniq_natasha
D:3:      layout_basic, marbit_many_paths, lemuel_doored_altar,
          minmay_misc_feat_four_crosses, uniq_grinder
D:4:      layout_gridville, nicolae_ashenzari_panopticon,
          nicolae_overflow_crystal_walls, minmay_temple_entry_wispy,
          first_ration
D:5:      layout_basic, lemuel_round_altar, serial_shops, shop
D:6:      layout_loops_ring, uniq_blork_the_orc, uniq_duvessa
D:7:      layout_layer_cave, lemuel_mausoleum_altar_kikubaaqudgha,
          kennysheep_mini
D:8:      minmay_chambers_of_sixes, layout_loops_ring,
          lightli_ossuary_entry_decrepit_ruins, hangedman_pestilent_swarm,
          uniq_pikel
D:9:      layout_loops_corners, gammafunk_temple_overflow_statue,
          uniq_prince_ribbit1, uniq_grum
D:10:     layout_long_grid
D:11:     layout_rooms, dpeg_oklobed_lair, disabler_island
Temple:   dshaligram_water_room_temple
Lair:1:   layout_long_grid, lemuel_fruit_fields, grunt_megastairs_3,
          lemuel_fruit_fields, lemuel_fruit_tree, uniq_erica
Lair:2:   layout_loops_ring, nicolae_swamp_entry_splash_gauntlet,
          gammafunk_ghost_split
Lair:3:   layout_layer_cave, spider_nest_entry_web_field, gammafunk_ghost_hive
Lair:4:   beast_lair_carwin_large_2, layout_big_grid, grunt_megastairs_2
Lair:5:   layout_hall_layers, dpeg_slime_entry_corner, grunt_megastairs_1,
          minmay_lair_oklob_chamber, serial_bayou_shore_b, serial_bayou_shore_b
Lair:6:   evilmike_catoblepas_cave, layout_layer_cave, basic_altar,
          infiniplex_staircase_pool, serial_bayou_shore_b, grunt_megastairs_5,
          serial_bayou_shore_b, lemuel_fruit_fields, uniq_sonja
Slime:1:  layout_caves

Skill      XL: |  1  2  3  4  5  6  7  8  9 10 11 12 13 14 |
---------------+-------------------------------------------+-----
Long Blades    | 4 5 6 8 9 10 12 13 14 15 16 | 16.6
Fighting       | 4 5 6 7 9 11 12 13 | 13.7
Armour         | 3 4 5 6 7 8 9 10 11 | 11.8
Dodging        | 3 4 5 6 7 8 9 |  9.4
Shields        | 1 5 7 9 11 13 14 16 | 16.0

Action                   |  1- 3 |  4- 6 |  7- 9 | 10-12 | 13-15 || total
-------------------------+-------+-------+-------+-------+-------++-------
Melee: Falchion          |    55 |    81 |   382 |   437 |       ||   955
       Headbutt          |     9 |    13 |   105 |   172 |   149 ||   448
       Demon blade       |       |       |       |   206 |   432 ||   638
       Scimitar          |       |       |       |    47 |    27 ||    74
Invok: Berserk           |       |     1 |     6 |     7 |     1 ||    15
       Trog's Hand       |       |       |     1 |       |       ||     1
       Brothers in Arms  |       |       |       |     4 |       ||     4
  Use: Scroll            |       |     2 |     6 |     9 |     7 ||    24
       Potion            |       |       |     1 |       |       ||     1
  Eat: Chunk             |       |     3 |    14 |    20 |     8 ||    45
       Ration            |       |       |     1 |     2 |     2 ||     5
Armor: Ring mail         |    19 |    32 |     3 |       |       ||    54
       Scale mail        |       |       |    66 |    97 |   125 ||   288
Dodge: Dodged            |    27 |    54 |    98 |   147 |   116 ||   442
Block: Buckler           |       |     4 |     9 |       |       ||    13
       Shield            |       |       |   203 |   391 |   282 ||   876
       Rpst.: Falchion   |     8 |    12 |    29 |    22 |       ||    71
       Demon blade       |       |       |       |    16 |    19 ||    35
       Scimitar          |       |       |       |     4 |     1 ||     5

Table legend:
 A = Non-vault XP
 B = Vault XP
 C = Vault XP percentage of total XP
 D = Non-vault monster count
 E = Vault monster count
 F = Vault count percentage of total count
                 A         B        C        D         E       F
            +---------+---------+-------+---------+---------+-------
      Total |   56757 |   35690 |  38.6 |     335 |     135 |  28.7
            +---------+---------+-------+---------+---------+-------
        D:1 |      42 |       0 |   0.0 |      19 |       0 |   0.0
        D:2 |     101 |      35 |  25.7 |      10 |       1 |   9.1
        D:3 |      77 |     280 |  78.4 |      22 |       2 |   8.3
        D:4 |     328 |       0 |   0.0 |      15 |       0 |   0.0
        D:5 |     374 |       0 |   0.0 |      15 |       0 |   0.0
        D:6 |     169 |     314 |  65.0 |       4 |       3 |  42.9
        D:7 |    1407 |     733 |  34.3 |      21 |      12 |  36.4
        D:8 |    1405 |    2864 |  67.1 |      22 |      11 |  33.3
        D:9 |     693 |     907 |  56.7 |       9 |       6 |  40.0
       D:10 |    1086 |       0 |   0.0 |      19 |       0 |   0.0
       D:11 |    4190 |    1509 |  26.5 |      36 |       5 |  12.2
     Lair:1 |    3542 |    1366 |  27.8 |      17 |       5 |  22.7
     Lair:2 |    3842 |    3301 |  46.2 |      17 |      11 |  39.3
     Lair:3 |    6154 |    2336 |  27.5 |      24 |       9 |  27.3
     Lair:4 |   12683 |    2997 |  19.1 |      35 |       7 |  16.7
     Lair:5 |    6982 |    4062 |  36.8 |      22 |       9 |  29.0
     Lair:6 |    6397 |   14275 |  69.1 |      22 |      26 |  54.2
    Slime:1 |    7285 |       0 |   0.0 |       6 |       0 |   0.0
    Ossuary |       0 |     711 | 100.0 |       0 |      28 | 100.0
            +---------+---------+-------+---------+---------+-------
